Map: Divergence LE

Players

Zee

  • Race: Zerg Zerg
  • League: Platinum
  • Spawn Location: 5:00

Javasek

  • Race: Protoss Protoss
  • League: Diamond
  • Spawn Location: 5:00

Massa - Winner!

  • Race: Terran Terran
  • League: Platinum
  • Spawn Location: 11:00

qqq - Winner!

  • Race: Protoss Protoss
  • League: Platinum
  • Spawn Location: 11:00

VOD

Have the link to the VOD?

Description

Time

  • Played on: Sept. 27, 2020, 9:24 a.m.
  • Length: 3:15
Show
View Real Time Build Order
Export as new Build Order

Zee Zerg 

Build Orders: Hatch First 

Get SALT Encoding   

  12  0:00  Drone  
  13  0:12  Overlord  
  13  0:16  Drone  
  14  0:22  Extractor  
  14  0:23  Drone  
  15  0:31  Drone  
  15  0:34  Drone  
  17  0:45  Drone  
  18  0:59  Drone  
  18  1:02  Extractor, Hatchery  
  17  1:15  Spawning Pool  
  11  2:32  Zergling x6  
  14  2:43  Drone  
  14  2:56  Spawning Pool  
Show
View Real Time Build Order
Export as new Build Order

Javasek Protoss 

Build Orders:  

Get SALT Encoding   

  12  0:01  Probe  
  13  0:13  Probe  
  14  0:22  Pylon  
  14  0:26  Probe  
  15  0:33  Assimilator  
  15  0:48  Probe (Chrono Boost)  
  15  0:49  Gateway  
  16  1:00  Probe (Chrono Boost)  
  17  1:08  Probe (Chrono Boost)  
  17  1:10  Assimilator  
  18  1:15  Probe  
  19  1:27  Probe  
  20  1:35  Zealot (Chrono Boost), Forge  
  22  1:45  Pylon  
  22  2:03  Zealot  
  22  2:10  Photon Cannon  
  22  2:11  Photon Cannon  
  21  2:31  Photon Cannon  
  23  2:45  Photon Cannon  
  21  2:55  Cybernetics Core  
Show
View Real Time Build Order
Export as new Build Order

Massa Terran - Winner!

Build Orders: Reaper Expand 

Get SALT Encoding   

  12  0:00  SCV  
  13  0:12  SCV  
  14  0:20  Supply Depot  
  14  0:24  SCV  
  15  0:42  SCV  
  16  0:43  Barracks  
  16  0:50  Refinery  
  16  0:54  SCV  
  17  1:06  SCV  
  18  1:18  SCV  
  19  1:31  Orbital Command  
  19  1:36  Reaper  
  20  1:50  Command Center  
  20  1:57  SCV  
  21  2:08  Marine  
  21  2:09  SCV  
  23  2:28  Supply Depot  
  23  2:54  Command Center  
  23  3:00  Supply Depot  
  23  3:02  Engineering Bay  
  23  3:04  Refinery  
  23  3:06  Barracks Reactor  
  23  3:08  Factory  
Show
View Real Time Build Order
Export as new Build Order

qqq Protoss - Winner!

Build Orders: Cannon Rush 

Get SALT Encoding   

  12  0:03  Probe  
  13  0:15  Probe  
  14  0:27  Probe  
  15  0:29  Pylon  
  15  0:47  Probe  
  15  0:49  Forge  
  16  0:59  Probe  
  17  1:08  Pylon  
  17  1:10  Pylon  
  17  1:11  Pylon  
  17  1:12  Probe  
  18  1:20  Pylon  
  18  1:30  Photon Cannon  
  18  1:36  Pylon  
  18  1:44  Photon Cannon  
  18  1:53  Photon Cannon  
  18  2:15  Photon Cannon  
  17  2:18  Pylon  
  17  2:36  Pylon  
  17  2:38  Probe  
  18  2:52  Probe  
  19  3:03  Photon Cannon  
  19  3:12  Photon Cannon  
Tags
 
Add a new tag
Caveats
  • Supply blocks, unpowered buildings, or Contaminate may cause inaccurate times.
  • Supply counts are checked every 10 seconds.